 Dungeon Crawl Stone Soup version 0.21.0-24-g2553a3340b (webtiles) character file.

112 Krosko the Skirmisher (level 4, -1/32 HPs)
             Began as a Gargoyle Fighter on Jan 21, 2018.
             Slain by Sigmund
             ... wielding a +0 scythe
              (9 damage)
             ... on level 3 of the Dungeon.
             The game lasted 00:05:54 (1413 turns).

Krosko the Skirmisher (Gargoyle Fighter)            Turns: 1413, Time: 00:05:56

Health: -1/32      AC: 10    Str: 21    XL:     4   Next: 95%
Magic:  4/4        EV:  7    Int:  8    God:
Gold:   68         SH:  9    Dex:  9    Spells: 3/3 levels left

rFire    . . .     SeeInvis .   a - +0 flail
rCold    . . .     Gourm    .   n - +0 shield
rNeg     + . .     Faith    .   b - +0 scale mail
rPois    ∞         Spirit   .   (no helmet)
rElec    +         Reflect  .   (no cloak)
rCorr    .         Harm     .   (no gloves)
MR       .....                  (no boots)
Stlth    ..........             (no amulet)
HPRegen  0.10/turn              (no ring)
MPRegen  0.09/turn              (no ring)

@: no status effects
A: negative energy resistance 1, electricity resistance, unbreathing,
petrification resistance, rot immunity, AC +3
a: no special abilities


You were on level 3 of the Dungeon.
You were very hungry.

You visited 1 branch of the dungeon, and saw 3 of its levels.

You collected 68 gold pieces.

Inventory:

Hand Weapons
 a - a +0 flail (weapon)
Armour
 b - a +0 scale mail (worn)
 n - a +0 shield (worn)
Scrolls
 c - a scroll of fog {unknown}
 e - 2 scrolls of identify {unknown}
 h - a scroll of teleportation {unknown}
 k - 2 scrolls of remove curse {unknown}
 l - a scroll of amnesia {unknown}
Potions
 d - a potion of might
 g - 2 potions of flight {unknown}
 i - a potion of mutation {unknown}
 j - a potion of haste {unknown}
 m - a potion of brilliance {unknown}
 o - a potion of degeneration {unknown}
 p - a potion of curing {unknown}
Comestibles
 f - 3 rations


   Skills:
 + Level 6.0 Fighting
 - Level 2.0 Maces & Flails
 - Level 3.2 Armour
 - Level 3.2 Shields


You had 3 spell levels left.
You didn't know any spells.

Dungeon Overview and Level Annotations

Branches:
Dungeon (3/15)

Altars:
Trog

Annotations:
D:3 Sigmund


Innate Abilities, Weirdness & Mutations

You are resistant to torment.
Your stone body is resilient. (AC +3)
You are immune to poison.
You resist negative energy. (rN+)
You are resistant to electric shocks. (rElec)
You can survive without breathing.
You are immune to petrification.
You are immune to rotting.


Message History

You kill the hobgoblin!
Something hits you.
No target in view!
No target in view!
No target in view!
Sigmund appears from thin air!
Reactivating autopickup.
Sigmund mumbles some strange words.
Sigmund flickers and vanishes!
Deactivating autopickup; reactivate with Ctrl-A.
You miss something. You block something's attack.
You miss something. Something hits you.
You miss something. Something hits you!
You barely miss something.
You hear some strange, mumbled words.
A puff of flame appears from out of thin air!
The puff of flame hits you!
* * * LOW HITPOINT WARNING * * *
Something hits you!
You die...

#....###########
####.##........#
#.##......>.#
#.##........#
#.##........#
#.##........#
#.##..).....#
#.##....<...#
#.##@.......#####
#...............#
#######.########.#
#.....#.#....#...#
##.#....#.##.#.###
#.#.#....##...#
###.#....########
#...###.## #.###
#.#


There were no monsters in sight!

Vanquished Creatures
  Robin (D:2)
  4 adders (D:2)
  A dart slug (D:2)
  3 leopard geckos
  2 ball pythons
  4 bats
  2 giant cockroaches (D:2)
  14 goblins
  10 hobgoblins
  4 jackals (D:2)
  A frilled lizard (D:2)
  4 kobolds
  7 rats
57 creatures vanquished.

Vanquished Creatures (others)
  A goblin (D:2)
1 creature vanquished.

Grand Total: 58 creatures vanquished

Notes
Turn   | Place    | Note
-------+----------+-------------------------------------------
     0 | D:1      | Krosko the Gargoyle Fighter began the quest for the Orb.
     0 | D:1      | Reached XP level 1. HP: 14/14 MP: 1/1
   196 | D:1      | Reached XP level 2. HP: 18/20 MP: 2/2
   203 | D:1      | Reached skill level 4 in Fighting
   348 | D:1      | You fall through a shaft!
   378 | D:2      | Reached XP level 3. HP: 22/24 MP: 3/3
   387 | D:2      | Noticed Robin
   404 | D:2      | Killed Robin
   404 | D:2      | Reached skill level 5 in Fighting
   688 | D:2      | Reached XP level 4. HP: 22/31 MP: 4/4
  1055 | D:2      | Found a bloodstained altar of Trog.
  1154 | D:2      | Reached skill level 6 in Fighting
  1353 | D:3      | Noticed Sigmund
  1413 | D:3      | Slain by Sigmund

Skill      XL: |  1  2  3  4 |
---------------+-------------+-----
Fighting       | 4 5 6 |  6.0
Maces & Flails | |  2.0
Armour         | |  3.2
Shields        | |  3.2

Action                   |  1- 3 |  4- 6 || total
-------------------------+-------+-------++-------
Melee: Flail             |   130 |   107 ||   237
  Eat: Chunk             |       |     1 ||     1
Armor: Scale mail        |    79 |    94 ||   173
Dodge: Dodged            |    61 |    38 ||    99
Block: Shield            |    78 |    57 ||   135
